 Dungeon Crawl Stone Soup version 0.30.0-10-gfe55d96785 (webtiles) character file.

Game seed: 15458448930972657433

6342 MacCMillion the Geomancer (level 10, -7/63 HPs)
             Began as a Gargoyle Earth Elementalist on May 16, 2023.
             Was a Follower of Vehumet.
             Shot with an arrow by a centaur warrior (21 damage)
             ... on level 9 of the Dungeon.
             The game lasted 00:17:10 (10891 turns).

MacCMillion the Geomancer (GrEE)                   Turns: 10891, Time: 00:17:10

Health: -7/63      AC: 14    Str: 12    XL:     10   Next: 96%
Magic:  16/16      EV: 13    Int: 26    God:    Vehumet [*.....]
Gold:   492        SH:  0    Dex: 10    Spells: 8/17 levels left

rFire   . . .        L - +3 dagger (drain)
rCold   . . .        (no shield)
rNeg    + . .        D - +0 leather armour
rPois   ∞            n - +0 helmet
rElec   +            l - +0 cloak
rCorr   .            (no gloves)
SInv    +            y - +1 pair of boots {Stlth+}
Will    .....        (no amulet)
Stlth   +++          r - +6 ring of intelligence
HPRegen 0.30/turn    s - ring of see invisible
MPRegen 0.15/turn

%: no passive effects
@: studying Translocations
A: sickness immunity, AC +7, negative energy resistance 1, electricity
resistance, torment resistance 1, petrification resistance
a: Renounce Religion


You were on level 9 of the Dungeon.
You worshipped Vehumet.
Vehumet was aware of your devotion.
You visited 2 branches of the dungeon, and saw 10 of its levels.

You collected 492 gold pieces.

Inventory:

Hand Weapons
 H - a +3 short sword
 L - a +3 dagger of draining (weapon)
Armour
 l - a +0 cloak (worn)
 n - a +0 helmet (worn)
 y - a +1 pair of boots of stealth (worn)
 D - a +0 leather armour (worn)
 I - the +0 ring mail of Wuizeutu {+Blink rN+++ Int+4}
   (You found it on level 8 of the Dungeon)

   Int:       It affects your intelligence (+4).
   rN:        It renders you almost immune to negative energy.
   +Blink:    It lets you blink.
Jewellery
 d - a ring of positive energy
 g - a ring of magical power
 m - a +6 ring of dexterity
 r - a +6 ring of intelligence (left hand)
 s - a ring of see invisible (right hand)
 K - a ring of fire
Wands
 a - a wand of charming (6)
 u - a wand of flame (1)
 F - a wand of digging (2)
Scrolls
 c - 15 scrolls of identify {unknown}
 f - 5 scrolls of teleportation
 h - 2 scrolls of enchant weapon {unknown}
 i - a scroll of silence {unknown}
 k - a scroll of torment {unknown}
 o - 2 scrolls of poison {unknown}
 q - 2 scrolls of blinking {unknown}
 t - 2 scrolls of fog {unknown}
 v - 2 scrolls of amnesia {unknown}
 A - 2 scrolls of enchant armour {unknown}
 J - a scroll of fear {unknown}
Potions
 b - a potion of magic
 e - a potion of berserk rage {unknown}
 j - 5 potions of mutation {unknown}
 p - 12 potions of heal wounds {unknown}
 w - 2 potions of degeneration {unknown}
 x - a potion of ambrosia {unknown}
 z - 2 potions of lignification {unknown}
 B - a potion of curing {unknown}
 C - a potion of resistance {unknown}
 E - a potion of cancellation {unknown}
 G - a potion of brilliance {unknown}


   Skills:
 + Level 7.3 Fighting
 + Level 5.8 Dodging
 - Level 2.1 Stealth
 - Level 4.0 Spellcasting
 + Level 8.9 Conjurations
 - Level 0.7 Transmutations
 + Level 6.5 Ice Magic
 + Level 0.0 Air Magic
 - Level 9.0 Earth Magic


You had 8 spell levels left.
You knew the following spells:

 Your Spells              Type           Power      Damage    Failure   Level
a - Sandblast             Erth           100%       2d20      1%          1
b - Stone Arrow           Conj/Erth      100%       3d13      1%          3
c - Freezing Cloud        Conj/Ice/Air   16%        6-21      36%         5

Your spell library contained the following spells:

 Spells                   Type           Power      Damage    Failure   Level
 Freeze                   Ice            100%       1d10      1%          1
 Passwall                 Tmut/Erth      25%        N/A       2%          2
 Ensorcelled Hibernation  Hex/Ice        44%        N/A       4%          2
 Mephitic Cloud           Conj/Pois/Air  20%        N/A       10%         3
 Wereblood                Tmut           8%         N/A       12%         2
 Petrify                  Tmut/Erth      30%        N/A       14%         4
 Poisonous Vapours        Pois/Air       10%        N/A       16%         2
 Spider Form              Tmut/Pois      7%         N/A       28%         3
 Summon Guardian Golem    Hex/Summ       5%         N/A       32%         3
 Anguish                  Hex/Necr       2%         N/A       71%         4
 Orb of Destruction       Conj           25%        9d9       94%         7
 Spellforged Servitor     Conj/Summ      14%        N/A       100%        7
 Summon Hydra             Summ           2%         N/A       100%        7
 Sublimation of Blood     Necr           Unusable   N/A       N/A         2

Dungeon Overview and Level Annotations

Branches:
Dungeon (9/15)             Temple (1/1) D:6
   Lair: D:8-11         Orc: D:9-12

Altars:
Cheibriados
Dithmenos
Elyvilon
Fedhas
Gozag
Hepliaklqana
Kikubaaqudgha
Makhleb
Nemelex Xobeh
Okawaru
Qazlal
Ru
Sif Muna
Vehumet
Xom
Yredelemnul
Zin
The Shining One

Shops:
D:3 (


Innate Abilities, Weirdness & Mutations

You are immune to sickness and miasma.
Your stone body is resilient. (AC +7)
You are immune to poison.
You resist negative energy. (rN+)
You are resistant to electric shocks. (rElec)
You are resistant to unholy torment.
You are immune to petrification.


Message History

A gnoll bouda and a gnoll come into view.
Found 19 gold pieces.
A gnoll comes into view. It is wielding a +0 club.
The gnoll shouts!
The gnoll bouda shouts!
The gnoll shouts! x2
You hear a shout!
The gnoll bouda barks out a call to the hunt!
The gnolls pick up the pace!
The blast of sand hits the gnoll!
You kill the gnoll!
Vehumet accepts your kill.
A centaur warrior comes into view.
The centaur warrior wields a +3 shortbow.
The centaur warrior shoots an arrow.
The arrow hits you!!
You hear a shout!
The blast of sand hits the gnoll!
The gnoll is almost dead.
The gnoll hits you with a +0 club.
A centaur warrior comes into view.
The gnoll hits you but does no damage. The gnoll attacks as you move away!
The gnoll misses you. The gnoll closely misses you.
The gnoll attacks as you move away! The gnoll misses you.
The gnoll attacks as you move away! The gnoll barely misses you.
The gnoll hits you but does no damage. The gnoll barely misses you.
The gnoll hits you from afar with a +0 spear.
The gnoll bouda gazes fiercely through you!
You feel your attacks grow feeble. The gnoll attacks as you move away!
The gnoll hits you but does no damage. The gnoll attacks as you move away!
The gnoll hits you but does no damage. The gnoll barely misses you.
The centaur warrior shoots an arrow.
The arrow hits you.
The gnoll is no longer moving quickly.
The gnoll attacks as you move away! The gnoll closely misses you.
Your attacks no longer feel as feeble.
The centaur warrior wields a +0 longbow.
The centaur warrior shoots an arrow.
The arrow hits you!
The centaur warrior shoots an arrow.
The arrow hits you!
* * * LOW HITPOINT WARNING * * *
The centaur warrior shoots an arrow.
The arrow hits you!!
You die...

.###....#......########
#....#.............#######
#....#....c..............#
#.........#..#####.#####
#.....g...#..#..<......#
#.........#gc#.#.#.###.#
##...........#.#.#.# #.#
#.........#.#<#.#.###.#
##...###..#.@.#.#.....#
#.###.......####.#.#######
#...'....>..# #.#..
#####.......# #.###
#.......# #.# ##......#
#.# #......# #.# #......#
#.# #......####.#


You could see 2 centaur warriors, a gnoll bouda and a gnoll.

Vanquished Creatures
  A two-headed ogre (D:8)
  Joseph (D:7)
  Maggie (D:7)
  An efreet (D:8)
  Psyche (D:8)
  Prince Ribbit (D:7)
  A hornet (D:7)
  2 slime creatures (D:8)
  2 water moccasins (D:6)
  Duvessa (D:5)
  An orc warrior (D:6)
  A black bear (D:6)
  2 ice beasts (D:6)
  An ogre (D:5)
  3 phantoms (D:5)
  2 centaurs
  2 lemures (D:8)
  6 kobold brigands
  2 bullfrogs (D:8)
  2 scorpions
  14 wights
  Dowan (D:5)
  6 killer bees (D:8)
  3 howler monkeys
  A crimson imp (D:7)
  2 jellies (D:8)
  3 gnoll boudas
  2 orc priests
  3 hounds
  2 iguanas
  3 sleepcaps
  An orc wizard (D:6)
  12 gnolls
  10 adders
  2 shadow imps
  A white imp (D:5)
  An ufetubus (D:5)
  3 worms
  A dart slug (D:4)
  19 orcs
  12 endoplasms
  5 giant cockroaches
  8 hobgoblins
  7 jackals
  10 quokkas
  7 ball pythons
  6 bats
  5 frilled lizards
  6 goblins
  16 kobolds
  2 rats
208 creatures vanquished.

Notes
Turn   | Place    | Note
-------+----------+-------------------------------------------
     0 | D:1      | MacCMillion the Gargoyle Earth Elementalist began the quest
                  | for the Orb.
     0 | D:1      | Reached XP level 1. HP: 10/10 MP: 3/3
    85 | D:1      | Reached skill level 4 in Earth Magic
   266 | D:1      | Reached XP level 2. HP: 15/15 MP: 3/5
   838 | D:2      | Reached XP level 3. HP: 19/19 MP: 4/6
   840 | D:2      | Reached skill level 5 in Earth Magic
  1125 | D:2      | Found a faded altar of an unknown god.
  1461 | D:2      | Reached XP level 4. HP: 21/24 MP: 0/7
  1685 | D:2      | Reached skill level 6 in Earth Magic
  1726 | D:2      | Learned a level 3 spell: Stone Arrow
  2452 | D:3      | Found Huifu's Weapon Shop.
  2796 | D:3      | Reached skill level 1 in Conjurations
  2837 | D:3      | Found a hazy altar of Hepliaklqana.
  2838 | D:3      | Found a shimmering altar of Xom.
  2839 | D:3      | Noticed a spectral ugly thing
  2962 | D:3      | Reached XP level 5. HP: 28/28 MP: 5/8
  3671 | D:4      | Reached XP level 6. HP: 25/32 MP: 7/10
  4398 | D:5      | Entered Level 5 of the Dungeon
  4533 | D:5      | Noticed Duvessa
  4533 | D:5      | Noticed Dowan
  4630 | D:5      | Reached skill level 7 in Earth Magic
  4762 | D:5      | Reached XP level 7. HP: 36/36 MP: 7/12
  5747 | D:6      | Reached skill level 8 in Earth Magic
  6020 | D:6      | Reached XP level 8. HP: 41/41 MP: 10/14
  6061 | D:6      | Found a staircase to the Ecumenical Temple.
  6072 | D:6      | Reached skill level 5 in Conjurations
  6142 | Temple   | Entered the Ecumenical Temple
  6142 | Temple   | Found a transporter.
  6142 | Temple   | Found a transporter.
  6144 | Temple   | Found a transporter.
  6144 | Temple   | Found a transporter.
  6205 | D:6      | Reached skill level 9 in Earth Magic
  6211 | D:6      | Learned a level 5 spell: Freezing Cloud
  6307 | D:6      | Reached skill level 1 in Fighting
  6345 | D:6      | Reached skill level 1 in Ice Magic
  6896 | D:7      | Reached XP level 9. HP: 50/51 MP: 10/15
  6980 | D:7      | Noticed Prince Ribbit
  7650 | D:7      | Identified the +2 robe "Ceruf" {-Tele rF+ Regen+}
  7658 | D:7      | Noticed Maggie
  7889 | D:7      | Noticed a hornet
  7904 | D:7      | Noticed Joseph
  7992 | D:5      | Killed Duvessa
  7996 | D:5      | Killed Dowan
  8185 | D:7      | Killed a hornet
  8235 | D:7      | Killed Prince Ribbit
  8236 | D:7      | Reached skill level 5 in Fighting
  8277 | D:7      | Killed Joseph
  8529 | D:7      | Killed Maggie
  8530 | D:7      | Reached skill level 5 in Ice Magic
  8530 | D:7      | Reached XP level 10. HP: 47/60 MP: 9/16
  8584 | D:7      | Found a burning altar of Makhleb.
  8595 | D:7      | Found a radiant altar of Vehumet.
  8601 | D:7      | Became a worshipper of Vehumet
  8636 | D:8      | Noticed a two-headed ogre
  8642 | D:8      | Killed a two-headed ogre
  8643 | D:8      | Reached skill level 5 in Dodging
  8758 | D:8      | Identified the +0 ring mail of Wuizeutu {+Blink rN+++
                  | Int+4}
  9160 | D:8      | Noticed Psyche
  9170 | D:8      | Killed Psyche
 10196 | D:8      | Found an opulent altar of Gozag.
 10374 | D:8      | Reached * piety under Vehumet
 10374 | D:8      | Offered knowledge of Freeze by Vehumet.
 10874 | D:9      | Noticed a centaur warrior
 10875 | D:9      | Noticed a centaur warrior
 10891 | D:9      | Shot with an arrow by a centaur warrior

Illustrated notes

Levels and vault maps discovered:
D:1:      minmay_arrival_semitransparent, layout_loops_ring
D:2:      layout_basic, dilly_ecumenical_altar_fadedgnrine,
          chequers_serial_rivers_marsh
D:3:      layout_basic, regret_index_temple_of_mockery, serial_shops, shop
D:4:      layout_loops_corners
D:5:      layout_loops_ring, uniq_duvessa
D:6:      layout_loops_ring, minmay_temple_entry_sparse_star
D:7:      layout_loops_ring, grunt_temple_overflow_lords_of_destruction,
          uniq_maggie, uniq_joseph, uniq_prince_ribbit1
D:8:      cheibrodos_fertilizer, layout_cave_pools,
          mainiacjoe_overflow_boulevard, minmay_manual_monstrance, uniq_psyche,
          uniq_pikel
D:9:      minmay_cut_squares, layout_basic, nicolae_wu_jian_wuxing_cycle,
          bloody_trog, minmay_radiant
Temple:   hellmonk_temple_divided_pantheon

Skill      XL: |  1  2  3  4  5  6  7  8  9 10 |
---------------+-------------------------------+-----
Earth Magic    | 4 5 6 7 8 9 |  9.0
Conjurations   | 1 2 3 4 6 7 8 |  8.9
Spellcasting   | 3 4 |  4.0
Fighting       | 3 5 7 |  7.3
Dodging        | 3 4 5 |  5.8
Ice Magic      | 2 5 6 |  6.5
Stealth        | |  2.1
Transmutations | |  0.7

Action                     |  1- 3 |  4- 6 |  7- 9 | 10-12 || total
---------------------------+-------+-------+-------+-------++-------
  Melee: Short sword       |       |       |     2 |       ||     2
   Cast: Sandblast         |    58 |    80 |   119 |    87 ||   344
         Stone Arrow       |       |       |     9 |     9 ||    18
    Use: Scroll            |       |       |       |     1 ||     1
 Armour: Robe              |     3 |    10 |       |       ||    13
         Leather armour    |       |       |    41 |    31 ||    72
  Dodge: Dodged            |    12 |     8 |    44 |    49 ||   113
